Unix NetHack Version 5.0.0-0 post-release - last build May  4 2026 22:22:43 (774f63e81ad911689b3a0859ea89b322d5daca8d,branch:main).

Game began 2026-05-05 16:22:44, ended 2026-05-05 17:35:55.

182320070181818, lawful female human Valkyrie

                                      ------------
                                      |...........#
 ------------                       ##...........|#
 |..........|                     ### |..........|##
 |..........|                    #####|..........| #
 |..........-########---------####    ---.-------- #
 ------------       #|.......-####       #         ###
                    #-.......|#          #           #
                    #|.......|#         ##           #
                    #|...<.(.|#        ##            ##
                   ##---------#        #              ##
                    ######   ##       ##               ####
                              #     ###                   #  -----
                             ##     #                     #  |`...
                             #    ###                     ###-%d.|
                             #----.-----------               |%@.|
                             #...............|               -----
                              |..............|
                              ----------------

182320070181818 the Skirmisher  St:18/02 Dx:9 Co:16 In:12 Wi:7 Ch:15  Lawful
Dlvl:3  $:39 HP:0(24) Pw:8(8) AC:6  Xp:3 T:1401 

Latest messages:
 Welcome to experience level 3.
 You feel stealthy!
 It won't come off the hinges.
 Your giant rat corpse rots away.
 It's solid stone.
 It's a wall.
 It's a wall.
 It's solid stone.
 It's solid stone.
 It's solid stone.
 It's solid stone.
 It's solid stone.
 It's solid stone.
 It's solid stone.
 It's solid stone.
 It's solid stone.
 It's solid stone.
 It's solid stone.
 It's solid stone.
 You find a hidden door.
 The door resists!
 The door opens.
 The coyote bites!
 You miss the jackal.
 The jackal bites!
 The coyote bites!
 The newt bites!
 You kill the jackal!
 The coyote bites!
 The newt bites!
 You miss the jackal.
 The jackal bites!
 The coyote just misses!
 You kill the jackal!
 The coyote just misses!
 You kill the jackal!
 The coyote misses!
 The newt bites!
 You see here a jackal corpse.
 The coyote bites!
 The jackal just misses!
 You kill the jackal!
 The coyote bites!
 The coyote bites!
 The newt misses!
 The newt bites!
 You kill the newt!
 The coyote bites!
 You die...
 Do you want your possessions identified? [ynq] (y) q

Inventory:
 Coins    ('$')
  $ - 39 gold pieces
 Amulets  ('"')
  p - an uncursed amulet of reflection
 Weapons  (')')
  b - a blessed +0 dagger (alternate weapon; not wielded)
  r - a +0 orcish dagger
  a - a +1 spear (weapon in right hand)
 Armor    ('[')
  c - an uncursed +3 small shield (being worn)
 Comestibles  ('%')
  l - an uncursed lichen corpse
 Scrolls  ('?')
  k - a blessed scroll of enchant weapon
  q - an uncursed scroll of stinking cloud
 Potions  ('!')
  f - an uncursed potion of hallucination
  m - an uncursed potion of oil
  o - an uncursed potion of sleeping
 Rings    ('=')
  g - an uncursed ring of shock resistance
 Tools    ('(')
  h - an uncursed locked large box containing 2 items
 Gems/Stones  ('*')
  e - an uncursed worthless piece of white glass

Contents of the large box:
  an uncursed food ration
  2 uncursed potions of healing

182320070181818 the Valkyrie's attributes:

Background:
 You were a Skirmisher, a level 3 human Valkyrie.
 You were lawful, nominally on a mission for Tyr
 who was opposed by Odin (neutral) and Loki (chaotic).
 You were right-handed.
 You were in the Dungeons of Doom, on level 3.
 You entered the dungeon 1401 turns ago.
 You had 46 experience points, 34 more were needed to attain level 4.

Basics:
 You had 0 out of 24 hit points.
 You had all 8 energy points (spell power).
 Your armor class was 6.
 Your wallet contained 39 zorkmids.
 Autopickup was off.

Final Characteristics:
 Your strength was 18/02 (limit:18/100).
 Your dexterity was 9 (limit:18).
 Your constitution was 16 (limit:18).
 Your intelligence was 12 (limit:18).
 Your wisdom was 7 (limit:18).
 Your charisma was 15 (limit:18).

Final Status:
 You weren't hungry.
 You were unencumbered.
 You were wielding a spear.
 You had basic skill with spear.

Final Attributes:
 You were devoutly aligned.
 You were cold resistant.
 You were stealthy.
 You are dead.

Miscellaneous:
 You didn't encounter any bones levels.
 Total elapsed playing time was 1 hour, 12 minutes and 22 seconds.

Major events:
 Turn
    1: 182320070181818 the lawful human Valkyrie entered the dungeon
 1265: attained the rank of Skirmisher (level 3)
 1401: killed by a coyote

You didn't know any spells.

Skills:
 Fighting Skills
   bare handed combat [Unskilled]
   two weapon combat  [Unskilled]
   riding             [Unskilled]
 Weapon Skills
   dagger             [Basic]
   axe                [Unskilled]
   pick-axe           [Unskilled]
   short sword        [Unskilled]
   broadsword         [Unskilled]
   long sword         [Unskilled]
   two-handed sword   [Unskilled]
   saber              [Unskilled]
   hammer             [Unskilled]
   quarterstaff       [Unskilled]
   polearms           [Unskilled]
   spear              [Basic]
   trident            [Unskilled]
   lance              [Unskilled]
   sling              [Unskilled]
 Spellcasting Skills
   attack spells      [Unskilled]
   escape spells      [Unskilled]

Voluntary challenges:
 Character rerolling was not enabled.
 You followed a strict vegan diet.
 You were an atheist.
 You were illiterate.
 You never genocided any monsters.
 You never polymorphed an object.
 You never changed form.
 You used no wishes.
Achievements:
 You entered a shop.
 You attained the rank of Skirmisher.

 The Dungeons of Doom: levels 1 to 3
    Level 1:
       A fountain.
    Level 2:
       An armor shop, some fountains.
    Level 3: <- You were here.
       Final resting place for
          you, killed by a coyote.
 The Tutorial:
    Level 1:


Vanquished creatures:
  a giant rat
  a yellow mold
  2 geckos
  6 jackals
  a fox
  2 goblins
  3 grid bugs
  3 lichens
  4 newts
23 creatures vanquished.

No species were genocided or became extinct.

Game over:
                       ----------
                      /          \
                     /    REST    \
                    /      IN      \
                   /     PEACE      \
                  /                  \
                  | 182320070181818  |
                  |      39 Au       |
                  |   killed by a    |
                  |      coyote      |
                  |                  |
                  |                  |
                  |       2026       |
                 *|     *  *  *      | *
        _________)/\\_//(\/(/\)/\//\/|_)_______

Farvel 182320070181818 the Valkyrie...

You died in The Dungeons of Doom on dungeon level 3 with 320 points,
and 39 pieces of gold, after 1401 moves.
You were level 3 with a maximum of 24 hit points when you died.

